 Dungeon Crawl Stone Soup version 0.19.0-24-gb05acd6 (webtiles) character file.

8541 Peloso the Carver (level 11, -2/74 HPs)
             Began as a Halfling Fighter on Nov 20, 2016.
             Was a High Priest of Okawaru.
             Slain by a gargoyle
             ... wielding a +0 flail
              (9 damage)
             ... on level 10 of the Dungeon.
             The game lasted 00:30:26 (10654 turns).

Peloso the Carver (Halfling Fighter)               Turns: 10654, Time: 00:30:27

Health: -2/74      AC: 20    Str: 22    XL:     11   Next: 57%
Magic:  8/11       EV:  8    Int:  6    God:    Okawaru [*****.]
Gold:   621        SH: 13    Dex: 16    Spells: 0 memorised, 10 levels left

rFire  . . .     SeeInvis .     a - +0 long sword
rCold  + . .     Gourm    .     m - +1 plate armour {rF+}
rNeg   . . .     Faith    +     c - +0 shield
rPois  .         Spirit   .     (no helmet)
rElec  .         Reflect  .     S - +2 cloak
rCorr  .         Harm     .     v - +2 pair of gloves {Str+3}
MR     .....                    (no boots)
Stlth  ..........               r - amulet of faith
                                (no ring)
                                H - ring of ice

@: no status effects
A: mutation resistance 1
a: Heroism, Finesse, Renounce Religion


You were on level 10 of the Dungeon.
You worshipped Okawaru.
Okawaru was extremely pleased with you.
You were hungry.

You visited 2 branches of the dungeon, and saw 11 of its levels.

You collected 621 gold pieces.

Inventory:

Hand Weapons
 a - a +0 long sword (weapon)
 D - the +1 spear "Kudghon" {flame, rElec rPois rN+ Dex+8}
   (You found it on level 6 of the Dungeon)

   It has been specially enchanted to burn those struck by it, causing extra
   injury to most foes and up to half again as much damage against particularly
   susceptible opponents.
   It affects your dexterity (+8).
   It insulates you from electricity.
   It protects you from poison.
   It protects you from negative energy.
Armour
 c - a +0 shield (worn)
 m - a +1 plate armour of fire resistance (worn)
 v - a +2 pair of gloves of strength (worn)
 S - a +2 cloak (worn)
Jewellery
 r - an amulet of faith (around neck)
 H - a ring of ice (left hand)
 R - an uncursed amulet of harm
Wands
 l - a wand of polymorph (19/24)
 p - a wand of hasting (4/9)
 t - a wand of lightning (3/15)
 x - a wand of polymorph (11/24)
 A - a wand of confusion (29/48)
 B - a wand of random effects (17/48)
 K - a wand of confusion (17/48)
Scrolls
 b - a scroll of holy word {unknown}
 e - 2 scrolls of fear {unknown}
 g - a scroll of magic mapping {unknown}
 h - 2 scrolls of amnesia {unknown}
 j - 3 scrolls of blinking {unknown}
 k - a scroll of identify
 q - 5 scrolls of teleportation
 w - 3 scrolls of remove curse
 y - a scroll of fog {unknown}
 G - 2 scrolls of vulnerability {unknown}
 I - a scroll of noise {unknown}
 M - 2 scrolls of enchant weapon {unknown}
Potions
 d - a potion of might
 o - a potion of cure mutation
 s - 5 potions of curing
 u - 2 potions of agility
 z - 3 potions of brilliance
 E - a potion of haste
 J - a potion of ambrosia {unknown}
 P - a potion of beneficial mutation {unknown}
 Q - a potion of flight {unknown}
Books
 C - a book of Misfortune

   Spells                             Type                      Level
   a - Confusing Touch                Hexes                        1
   b - Confuse                        Hexes                        3
   c - Gell's Gravitas                Hexes/Translocation          3
   d - Petrify                        Transmutation/Earth          4
   e - Metabolic Englaciation         Hexes/Ice                    5
   f - Yara's Violent Unravelling     Hexes/Transmutation          5
Comestibles
 f - 9 bread rations
 i - 7 meat rations
 n - 4 fruits
 L - 6 chunks of flesh
 N - 8 slices of pizza
 O - 2 beef jerkies


   Skills:
 + Level 6.5 Fighting
 + Level 11.4 Long Blades
 + Level 1.0 Polearms
 + Level 6.7 Armour
 + Level 2.1 Dodging
 + Level 1.0 Stealth
 + Level 10.7 Shields
 + Level 0.7 Invocations
 + Level 0.4 Evocations


You had 10 spell levels left.
You didn't know any spells.

Dungeon Overview and Level Annotations

Branches:
Dungeon (10/15)            Temple (1/1) D:6
   Lair: D:8-11         Orc: D:9-12

Altars:
Ashenzari
Dithmenos
Elyvilon
Fedhas
Gozag
Hepliaklqana
Makhleb
Nemelex Xobeh
Okawaru
Qazlal
Ru
Uskayaw
Vehumet
Xom
Yredelemnul
Zin
The Shining One


Innate Abilities, Weirdness & Mutations

You are small and have problems with some larger weapons.
You are somewhat resistant to further mutation.


Message History

The gargoyle hits you with a flail!
* * * LOW HITPOINT WARNING * * *
You hit the gargoyle but do no damage.
The gargoyle is almost destroyed.
The gargoyle hits you but does no damage.
You hit the gargoyle but do no damage.
The gargoyle is almost destroyed.
The gargoyle barely misses you.
You riposte.
You hit the gargoyle but do no damage.
The gargoyle is almost destroyed.
You hit the gargoyle but do no damage.
The gargoyle is almost destroyed.
The gargoyle hits you with a flail.
* * * LOW HITPOINT WARNING * * *
You hit the gargoyle but do no damage.
The gargoyle is almost destroyed.
You hit the gargoyle but do no damage.
The gargoyle is almost destroyed.
The gargoyle hits you with a flail!
You die...

#...# #...#
#.)..# #.<#
#....# #..##
#....# ##..#
#....###
#..####
#.......
#.....# #.)..#
#.###.###....#
#.# #..@9[...#
# #.#
######...# .#.
#.# ###.##
##...[ #.#
#..##.... #.
##.#..# #...#
#..## #..#
.W..


You could see a gargoyle.

Vanquished Creatures
  The ghost of SaltIsReal the Transmogrifier, a novice MfTm of Okawaru (D:10)
  A manticore (D:10)
  A kobold demonologist (D:8)
  A troll (D:10)
  Prince Ribbit (D:5)
  3 hippogriffs
  5 yaks (D:9)
  4 hogs (D:8)
  A human (D:8)
  A hungry ghost (D:7)
  2 orc warriors
  A sky beast (D:7)
  2 black bears (D:8)
  2 necrophages
  2 phantoms
  4 centaurs
  An ogre (D:7)
  15 big kobolds
  7 bullfrogs
  A wyvern zombie (D:7)
  A water moccasin zombie (D:8)
  A scorpion (D:7)
  7 wights (D:7)
  A howler monkey (D:4)
  A crimson imp (D:5)
  2 centaur zombies
  A quasit (D:9)
  5 bullfrog skeletons
  11 hounds
  A jelly (D:9)
  5 orc wizards
  5 orc priests
  Crazy Yiuf (D:2)
  3 iguanas (D:8)
  2 hell rats (D:7)
  8 worker ants
  A hound skeleton (D:4)
  3 gnolls
  10 adders
  5 river rats (D:7)
  3 shadow imps
  2 oozes (D:1)
  An adder zombie (D:7)
  4 worms
  3 leopard geckos
  37 orcs
  A ball python (D:5)
  7 giant cockroaches
  8 goblins
  7 hobgoblins
  16 jackals
  4 quokkas
  11 bats
  4 frilled lizards
  15 kobolds
  25 rats
278 creatures vanquished.

Vanquished Creatures (others)
  An orc wizard (D:7)
  An adder (D:2)
  A frilled lizard (D:2)
  A kobold (D:2)
4 creatures vanquished.

Grand Total: 282 creatures vanquished

Notes
Turn   | Place    | Note
-------+----------+-------------------------------------------
     0 | D:1      | Peloso the Halfling Fighter began the quest for the Orb.
     0 | D:1      | Reached XP level 1. HP: 15/15 MP: 1/1
   289 | D:1      | Reached XP level 2. HP: 20/20 MP: 2/2
   557 | D:1      | Reached XP level 3. HP: 23/25 MP: 3/3
   795 | D:2      | Found a white marble altar of Elyvilon.
  1210 | D:2      | Reached XP level 4. HP: 27/30 MP: 4/4
  1248 | D:2      | Found a radiant altar of Vehumet.
  1289 | D:2      | Found a runed door.
  1540 | D:2      | Reached skill level 3 in Long Blades
  1740 | D:2      | Found a faded altar of an unknown god.
  1740 | D:2      | Found a faded altar of an unknown god.
  1748 | D:2      | Found a faded altar of an unknown god.
  1762 | D:2      | Found an opulent altar of Gozag.
  1765 | D:2      | Found a faded altar of an unknown god.
  2173 | D:3      | Found a sparkling altar of Nemelex Xobeh.
  2453 | D:3      | Reached XP level 5. HP: 35/36 MP: 5/5
  2520 | D:3      | Found a shimmering altar of Xom.
  2522 | D:3      | Found a hazy altar of Hepliaklqana.
  2527 | D:3      | Noticed a spectral ugly thing
  3117 | D:4      | Reached XP level 6. HP: 39/42 MP: 6/6
  3128 | D:4      | Reached skill level 4 in Long Blades
  3358 | D:4      | Reached skill level 5 in Shields
  3843 | D:4      | Reached skill level 1 in Dodging
  3942 | D:2      | Noticed Crazy Yiuf
  3946 | D:2      | Killed Crazy Yiuf
  4012 | D:5      | Entered Level 5 of the Dungeon
  4060 | D:5      | Found a burning altar of Makhleb.
  4141 | D:5      | Found a glowing golden altar of the Shining One.
  4141 | D:5      | Noticed Prince Ribbit
  4144 | D:5      | Noticed an angel
  4172 | D:5      | Killed Prince Ribbit
  4172 | D:5      | Reached skill level 5 in Long Blades
  4172 | D:5      | Reached XP level 7. HP: 21/46 MP: 7/7
  4337 | D:5      | Found a sacrificial altar of Ru.
  4549 | D:5      | Reached XP level 8. HP: 25/52 MP: 8/8
  4914 | D:5      | Reached skill level 6 in Long Blades
  5023 | D:5      | Found a basalt altar of Yredelemnul.
  5025 | D:5      | Noticed a profane servitor
  5510 | D:6      | Got an iridescent spear
  5511 | D:6      | Identified the +1 spear "Kudghon" {flame, rElec rPois rN+ Dex+8} (You found it on level 6 of the Dungeon)
  5537 | D:6      | Found a stormy altar of Qazlal.
  5620 | D:6      | Found a staircase to the Ecumenical Temple.
  5639 | Temple   | Entered the Ecumenical Temple
  5653 | Temple   | Became a worshipper of Warmaster Okawaru
  5958 | D:6      | Reached skill level 7 in Long Blades
  6211 | D:6      | Found a hide-covered altar of Uskayaw.
  6306 | D:7      | Reached XP level 9. HP: 58/58 MP: 9/9
  6434 | D:7      | Noticed a hippogriff
  6529 | D:7      | Killed a hippogriff
  6529 | D:7      | Reached * piety under Okawaru
  6529 | D:7      | Reached skill level 1 in Polearms
  6730 | D:7      | Reached skill level 5 in Armour
  7001 | D:7      | Reached skill level 8 in Long Blades
  7294 | D:7      | Reached ** piety under Okawaru
  7580 | D:7      | Reached skill level 5 in Fighting
  7686 | D:7      | Reached XP level 10. HP: 51/66 MP: 10/10
  7749 | D:7      | Reached *** piety under Okawaru
  7749 | D:7      | Reached skill level 9 in Long Blades
  8285 | D:8      | Noticed a kobold demonologist
  8306 | D:8      | Noticed an orange demon
  8322 | D:8      | Killed a kobold demonologist
  8456 | D:8      | Reached skill level 10 in Long Blades
  8466 | D:8      | Reached **** piety under Okawaru
  8495 | D:8      | Reached skill level 1 in Stealth
  8678 | D:8      | Reached skill level 10 in Shields
  8688 | D:8      | Reached ***** piety under Okawaru
  8688 | D:8      | Reached XP level 11. HP: 26/72 MP: 11/11
  9954 | D:9      | Reached skill level 11 in Long Blades
 10553 | D:10     | Entered Level 10 of the Dungeon
 10590 | D:10     | Noticed SaltIsReal's ghost (novice MfTm)
 10591 | D:10     | Noticed a manticore
 10620 | D:10     | Killed SaltIsReal's ghost
 10629 | D:10     | Killed a manticore
 10654 | D:10     | Slain by a gargoyle

Skill      XL: |  1  2  3  4  5  6  7  8  9 10 11 |
---------------+----------------------------------+-----
Shields        | 4 5 6 7 8 10 | 10.7
Long Blades    | 3 5 7 8 10 11 | 11.4
Fighting       | 3 4 5 6 |  6.5
Armour         | 4 5 6 |  6.7
Dodging        | 1 2 |  2.1
Polearms       | 1 |  1.0
Stealth        | 1 |  1.0
Invocations    | |  0.7
Evocations     | |  0.4

Action                   |  1- 3 |  4- 6 |  7- 9 | 10-12 || total
-------------------------+-------+-------+-------+-------++-------
Melee: Long sword        |    83 |   281 |   586 |   715 ||  1665
       Spear             |       |       |    19 |       ||    19
Invok: Heroism           |       |       |       |     6 ||     6
       Finesse           |       |       |       |     1 ||     1
Evoke: Wand              |       |     1 |     1 |       ||     2
  Use: Scroll            |       |     1 |     1 |     9 ||    11
       Potion            |       |     1 |       |     1 ||     2
  Eat: Chunk             |     1 |    10 |    13 |    11 ||    35
       Royal jelly       |       |       |     1 |       ||     1
Armor: Scale mail        |    46 |    21 |       |       ||    67
       Plate armour      |       |   153 |   268 |   258 ||   679
Dodge: Dodged            |    36 |    61 |   128 |   122 ||   347
Block: Shield            |    57 |   164 |   334 |   353 ||   908
       Rpst.: Long sword |    15 |    24 |    46 |    33 ||   118
